 Dungeon Sprint DCSS version 0.29.1 (webtiles) character file.

Game seed: 15754468735369397222

3 rocky1 the Trooper (level 1, 0/18 HPs)
             Began as a Merfolk Fighter on Sept 13, 2022.
             Slain by a human (3 damage)
             ... in the Dungeon (Sprint III: "The Ten Rune Challenge").
             The game lasted 00:00:17 (136 turns).

rocky1 the Trooper (Merfolk Fighter)                 Turns: 136, Time: 00:00:17

Health: 0/18       AC:  6    Str: 16    XL:     1   Next: 50%
Magic:  1/1        EV: 10    Int:  7    God:
Gold:   12         SH:  4    Dex: 13    Spells: 0/0 levels left

rFire   . . .      SeeInvis .   a - +0 long sword
rCold   . . .      Faith    .   c - +0 buckler
rNeg    . . .      Spirit   .   b - +0 scale mail
rPois   .          Reflect  .   (no helmet)
rElec   .          Harm     .   (no cloak)
rCorr   .          Rampage  .   (no gloves)
Will    .....      NoTele   +   (boots currently unavailable)
Stlth   +.........              (no amulet)
HPRegen 0.06/turn               (no ring)
MPRegen 0.07/turn               (no ring)

@: very quick
A: nimble swimmer 2, mertail
a: no special abilities


You were in the Dungeon.
You visited 1 branch You collected 12 gold pieces.

Inventory:

Hand Weapons
 a - a +0 long sword (weapon)
Armour
 b - a +0 scale mail (worn)
 c - a +0 buckler (worn)
Scrolls
 j - a scroll of blinking
 k - a scroll of identify {unknown}
Potions
 d - a potion of might
 e - a potion of curing
 f - a potion of heal wounds
 g - a potion of haste
 h - 2 potions of magic
 i - a potion of berserk rage


   Skills:
 + Level 3.4 Fighting
 + Level 2.5 Long Blades
 + Level 2.8 Armour
 + Level 3.3 Shields


You couldn't memorise any spells.
You didn't know any spells.
Your spell library was empty.

Dungeon Overview and Level Annotations

Branches:
Dungeon (1/1)

Altars:


Innate Abilities, Weirdness & Mutations

You are very nimble when in or above water. (Stealth+, EV+, Speed+++)
Your lower body shifts to a powerful aquatic tail in water.


Message History

You kill the rat!
You now have 12 gold pieces.
You start resting.
HP restored.
You open the door.
There is an open door here.
A human comes into view.
The human shouts!
Your legs become a tail as you enter the water.
The human barely misses you.
You hit the human.
The human is lightly wounded.
The human hits you!
You closely miss the human.
Your tail-slap misses the human.
The human is lightly wounded.
The human closely misses you. You block the human's attack.
You hit the human.
The human is moderately wounded.
The human barely misses you.
You closely miss the human.
The human is moderately wounded.
The human closely misses you.
You closely miss the human.
The human is moderately wounded.
The human hits you.
You hit the human.
The human is moderately wounded.
The human barely misses you. The human hits you.
You hit the human.
The human is heavily wounded.
You block the human's attack.
You hit the human.
The human is severely wounded.
The human barely misses you.
You hit the human.
The human is severely wounded.
The human hits you.
* * * LOW HITPOINT WARNING * * *
The human hits you.
You die...

▓..#
▓#'####......♣
▓.....#....~.
▓.....#...~~♣♣♣
▓.....#..~~~~.♣♣
▓####'#..~≈≈~~~♣♣.
▓.....#.~~≈~~~....
▓.....#.~≈~~~.....
▓.....#.~~@.......
▓'#####....p......
▓.................
▓▓▓▓▓▓▓▓▓▓▓▓▓▓▓▓▓▓


You could see a human.

Vanquished Creatures
  An endoplasm (D)
  3 rats (D)
4 creatures vanquished.

Notes
Turn   | Place    | Note
-------+----------+-------------------------------------------
     0 | D        | rocky1 the Merfolk Fighter began the quest for the Orb.
     0 | D        | Reached XP level 1. HP: 18/18 MP: 1/1
   136 | D        | Slain by a human

Illustrated notes

Levels and vault maps discovered:
D:        dungeon_sprint_mu [sprint_mu_entry_forest, sprint_mu_temple_rooms,
          sprint_mu_d1_spiders, sprint_mu_d2_genie, sprint_mu_d3_branching,
          sprint_mu_orc_legion, sprint_mu_elf_gauntlet, sprint_mu_hive_nellie,
          sprint_mu_lair_fedhas, sprint_mu_vaults_butterflies,
          sprint_mu_slime_circle, sprint_mu_swamp_cave, sprint_mu_shoals_kraken,
          sprint_mu_blade_basic, sprint_mu_crypt_lich, sprint_mu_tomb_spiral,
          sprint_mu_vestibule_basic, sprint_mu_gehenna_hellfire,
          sprint_mu_dis_giant, sprint_mu_tartarus_statrot,
          sprint_mu_cocytus_islands, sprint_mu_zot1]

Action                   || total
-------------------------++-------
Melee: Long sword        ||    21
Armor: Scale mail        ||    13
Dodge: Dodged            ||     6
Block: Buckler           ||     5
